 Dungeon Crawl Stone Soup version 0.29-a0-732-g3d7fbe0af2 (webtiles) character file.

Game seed: 17491967215221272406

16 buhh the Changer (level 2, -1/23 HPs)
             Began as a Meteoran Transmuter on June 29, 2022.
             Succumbed to an adder's poison
             ... on level 2 of the Dungeon.
             The game lasted 00:01:50 (450 turns).

buhh the Changer (Meteoran Transmuter)               Turns: 450, Time: 00:01:51

Health: -1/23      AC:  2    Str: 11    XL:     2   Next: 94%
Magic:  6/6        EV: 12    Int: 14    God:
Gold:   39         SH:  0    Dex: 14    Spells: 3/6 levels left

rFire   . . .      SeeInvis .     - Unarmed
rCold   . . .      Faith    .   (no shield)
rNeg    . . .      Spirit   .   a - +0 robe
rPois   .          Reflect  .   (helmet currently unavailable)
rElec   .          Harm     .   (no cloak)
rCorr   .          Rampage  .   (no gloves)
Will    .....                   (boots currently unavailable)
Stlth   +.........              (no amulet)
HPRegen 0.07/turn               b - ring of wizardry
MPRegen 0.10/turn               h - ring of wizardry

@: lethally poisoned (-1 -> -18), appendages, hasted, glowing, very quick
A: horns 2, talons 2, sense surroundings 1, otherworldly, glowing, explore regen
a: End Transformation


You were on level 2 of the Dungeon.
You had temporarily grown beastly horns and talons.
You visited 1 branch of the dungeon, and saw 2 of its levels.

You collected 39 gold pieces.

Inventory:

Missiles
 c - 3 curare-tipped darts
 d - 5 atropa-tipped darts
Armour
 a - a +0 robe (worn)
Jewellery
 b - a ring of wizardry (left hand)
 e - a ring of positive energy
 h - a ring of wizardry (right hand)
Scrolls
 t - a scroll of teleportation {!d}
Potions
 f - a potion of curing {unknown}
 l - 2 potions of lignification {!d}
 O - a potion of haste {!q!d}


   Skills:
 - Level 1.1 Fighting
 - Level 2.4 Dodging
 - Level 3.6 Unarmed Combat
 - Level 2.7 Spellcasting
 * Level 3.7 Transmutations


You had 3 spell levels left.
You knew the following spells:

 Your Spells              Type           Power      Damage    Failure   Level
a - Beastly Appendage     Tmut           24%        N/A       1%          1
b - Wereblood             Tmut           12%        N/A       2%          2

Your spell library contained the following spells:

 Spells                   Type           Power      Damage    Failure   Level
 Sublimation of Blood     Necr           1%         N/A       9%          2
 Spider Form              Tmut/Pois      7%         N/A       9%          3
 Ice Form                 Ice/Tmut       7%         N/A       26%         4
 Petrify                  Tmut/Erth      7%         N/A       26%         4
 Irradiate                Conj/Tmut      3%         3d14      54%         5


Dungeon Overview and Level Annotations

Branches:
Dungeon (2/15) Zot: 754

Altars:


Innate Abilities, Weirdness & Mutations

You have temporarily grown beastly horns and talons.
You passively map a small area around you.
You are easily found by Zot.
You glow in the dark.
You regain HP and MP as you explore.


Message History

l - 2 potions of lignification {!d} (gained 1)
There is a stone staircase leading down here.
There is a stone staircase leading down here.
You climb downwards.
There is a stone staircase leading up here.
An adder comes into view.
The adder hisses angrily.
Casting: Beastly Appendage (safe; 1% risk of failure)
Press: ? - help, Q - select action, (/) - cycle Dir - look around, f - activate You grow a pair of large bovine horns.
Your feet morph into talons.
The adder bites you.
You hit the adder but do no damage. You claw the adder, but do no damage.
The adder closely misses you.
You closely miss the adder. Your kick misses the adder. The adder bites you.
You are poisoned.
The adder poisons you! The adder closely misses you.
You hit the adder. You headbutt the adder!
The adder is almost dead.
You feel sick. The adder bites you.
You are more poisoned.
The adder poisons you!
You barely miss the adder. Your headbutt misses the adder.
The adder is almost dead.
You feel sick. The adder bites you.
You miss the adder. Your headbutt misses the adder.
The adder is almost dead.
You feel sick. The adder bites you.
You are lethally poisoned!
The adder poisons you!
You miss the adder.
The adder is severely wounded.
* * * LOW HITPOINT WARNING * * *
You feel very sick. The adder bites you.
* * * LOW HITPOINT WARNING * * *
You are more poisoned.
The adder poisons you! The adder bites you but does no damage.
It was a potion of haste.
You feel yourself speed up.
O - a potion of haste You die...

* * , * * + *.# #
.# #. ### * ##.# *
###.##.., , ...#
##....#.#* * #..#
* #.......#####
#..# ,
......S@....###..#
#....##.###......#
* *##. #.#
#####<## * **
#.........#
###########


You could see an adder.

Vanquished Creatures
  2 ball pythons (D:1)
  An endoplasm (D:1)
  4 goblins (D:1)
  2 hobgoblins (D:1)
  A bat (D:1)
  A frilled lizard (D:1)
  2 kobolds (D:1)
  2 rats (D:1)
15 creatures vanquished.

Notes
Turn   | Place    | Note
-------+----------+-------------------------------------------
     0 | D:1      | buhh the Meteoran Transmuter began the quest for the Orb.
     0 | D:1      | Reached XP level 1. HP: 16/16 MP: 5/5
    73 | D:1      | Reached XP level 2. HP: 22/23 MP: 4/6
   385 | D:1      | Learned a level 2 spell: Wereblood
   450 | D:2      | Succumbed to an adder's poison

Illustrated notes

Levels and vault maps discovered:
D:1:      dpeg_arrival_pond, layout_loops_ring, minmay_hexomino_u4
D:2:      layout_loops_corners, basic_altar, serial_shops,
          nicolae_shop_advertising_works [nicolae_subvault_shop_adworks],
          uniq_sigmund

Skill      XL: |  1 |
---------------+----+-----
Transmutations | 3 |  3.7
Fighting       | |  1.1
Dodging        | |  2.4
Unarmed Combat | |  3.6
Spellcasting   | |  2.7

Action                   || total
-------------------------++-------
Melee: Unarmed           ||    31
       Kick              ||     5
       Headbutt          ||     5
 Cast: Beastly Appendage ||     7
  Use: Scroll            ||     1
       Potion            ||     1
Armor: Robe              ||     4
Dodge: Dodged            ||    13

Table legend: (Time is in decaauts)
 A = Elapsed time spent in this place.
 B = Non-inter-level travel time spent in this place.
 C = Inter-level travel time spent in this place.
 D = Time resting spent in this place.
 E = Time spent auto-exploring this place.
 F = Levels seen in this place.
 G = Mean time per level.
                   A        B        C        D        E       F      G
               +--------+--------+--------+--------+--------+-----+--------+
         Total |    445 |    445 |      0 |      0 |    170 |   2 |  222.5 |
       Dungeon |    445 |    445 |      0 |      0 |    170 |   2 |  222.5 |
               +--------+--------+--------+--------+--------+-----+--------+

Top non-repeatable levels by time:
     D:1: 429 daAuts
     D:2: 16 daAuts
